 Dungeon Crawl Stone Soup version 0.30-a0-297-g0ec75d9ef4 (webtiles) character file.

Game seed: 6243739425669802516

19 NinjaNoafa the Cutter (level 2, -3/22 HPs)
             Began as a Merfolk Gladiator on Oct 18, 2022.
             Slain by Sigmund
             ... wielding a +0 scythe
              (8 damage)
             ... on level 3 of the Dungeon.
             The game lasted 00:02:05 (1640 turns).

NinjaNoafa the Cutter (Merfolk Gladiator)           Turns: 1640, Time: 00:02:05

Health: -3/22      AC:  5    Str: 14    XL:     2   Next: 75%
Magic:  2/2        EV: 14    Int:  7    God:
Gold:   81         SH:  0    Dex: 21    Spells: 1/1 levels left

rFire   + . .      SeeInvis .    a - +0 rapier
rCold   . . .      Faith    .    (no shield)
rNeg    + . .      Spirit   .    j - +1 leather armour {rF+}
rPois   .          Reflect  .    r - +0 helmet
rElec   .          Harm     .    (no cloak)
rCorr   .          Rampage  .    (no gloves)
Will    .....                    (no boots)
Stlth   ++........               (no amulet)
HPRegen 0.23/turn                k - ring of positive energy
MPRegen 0.08/turn                q - +6 ring of dexterity

@: no status effects
A: (nimble swimmer 2), mertail
a: no special abilities


You were on level 3 of the Dungeon.
You visited 1 branch of the dungeon, and saw 3 of its levels.

You collected 81 gold pieces.

Inventory:

Hand Weapons
 a - a +0 rapier (weapon)
Missiles
 b - 5 datura-tipped darts
 d - 3 throwing nets (quivered)
 e - a javelin
 m - 11 stones
 t - 6 poisoned darts
Armour
 c - a +0 helmet
 j - a +1 leather armour of fire resistance (worn)
 r - a +0 helmet (worn)
Jewellery
 k - a ring of positive energy (left hand)
 p - a ring of resist corrosion
 q - a +6 ring of dexterity (right hand)
Scrolls
 g - a scroll of torment {unknown}
 l - a scroll of fog {unknown}
 n - a scroll of teleportation {unknown}
 s - 2 scrolls of blinking {unknown}
 u - a scroll of magic mapping {unknown}
 w - a scroll of vulnerability {unknown}
Potions
 f - a potion of magic {unknown}
 h - 3 potions of heal wounds {unknown}
 i - a potion of curing {unknown}
 o - a potion of attraction {unknown}
 v - a potion of degeneration {unknown}


   Skills:
 - Level 2.1 Fighting
 + Level 4.2 Short Blades
 - Level 2.0 Throwing
 - Level 4.0 Dodging
 + Level 1.9 Stealth


You had one spell level left.
You didn't know any spells.
Your spell library contained the following spells:

 Spells                   Type           Power      Damage    Failure   Level
 Beastly Appendage        Tmut           0%         N/A       52%         1
 Wereblood                Tmut           0%         N/A       65%         2
 Spider Form              Tmut/Pois      0%         N/A       87%         3


Dungeon Overview and Level Annotations

Branches:
Dungeon (3/15)

Altars:

Annotations:
D:3 Sigmund


Innate Abilities, Weirdness & Mutations

((You are very nimble when in or above water. (Stealth+, EV+, Speed+++)))
Your lower body shifts to a powerful aquatic tail in water.


Message History

Things that are here:
a +0 club; a +0 short sword
There is a stone staircase leading up here.
Done exploring.
Done exploring.
Done exploring.
(D) Dungeon
Where to? (Enter - D:2, ? - help)
There is a stone staircase leading down here.
You climb downwards.
There is a stone staircase leading up here.
w - a scroll labelled JODAORY YBULEVIE
m - 11 stones (gained 6)
Found a stone staircase leading down.
Found a stone staircase leading down.
Found a robe.
Sigmund the Dreaded comes into view.
He is wielding a +0 scythe.
Sigmund is nearby!
The helpless Sigmund fails to defend himself.
You puncture Sigmund!
Sigmund is heavily wounded.
Sigmund hits you but does no damage.
You barely miss Sigmund.
Sigmund is heavily wounded.
You completely miss Sigmund.
Sigmund is heavily wounded.
Sigmund gestures wildly while chanting.
Sigmund flickers and vanishes!
Deactivating autopickup; reactivate with Ctrl-A.
You closely miss something. Something hits you but does no damage.
You hit something. You hit something. Something hits you.
You miss something. Something hits you but does no damage.
You closely miss something. You completely miss something. Something hits you!
You barely miss something. Something hits you!
* * * LOW HITPOINT WARNING * * *
You hit something. You closely miss something. Something hits you!
You die...

### #.# #.# #.# ### #.#
..######.## ##########
#.........# #..@{....#
#..#####..####.######.#
#..#####.......#####
......##...#.......#
#..##....>...#.###.#
#..####....###.# #.# #
#..###.........###.##.#
..........####........#
########.##
#####.#########


There were no monsters in sight!

Vanquished Creatures
  5 ball pythons
  2 giant cockroaches (D:1)
  2 goblins
  3 hobgoblins
  2 kobolds
  A bat (D:1)
  2 rats (D:1)
17 creatures vanquished.

Notes
Turn   | Place    | Note
-------+----------+-------------------------------------------
     0 | D:1      | NinjaNoafa the Merfolk Gladiator began the quest for the
                  | Orb.
     0 | D:1      | Reached XP level 1. HP: 16/16 MP: 1/1
   263 | D:1      | You fall into a shaft and drop 1 floor!
   320 | D:1      | Reached skill level 1 in Stealth
   334 | D:1      | Reached XP level 2. HP: 22/22 MP: 2/2
  1113 | D:2      | Found a faded altar of an unknown god.
  1626 | D:3      | Noticed Sigmund
  1640 | D:3      | Slain by Sigmund

Illustrated notes

Levels and vault maps discovered:
D:1:      pf_arrival_petrified_forest, layout_loops_ring,
          chequers_serial_rivers_room_a
D:2:      layout_loops_cross, chequers_ecumenical_altar_grove
D:3:      layout_loops_corners, lemuel_coloured_pillars_altar, uniq_robin,
          uniq_terence, uniq_natasha, uniq_sigmund

Skill      XL: |  1 |
---------------+----+-----
Stealth        | 1 |  1.9
Short Blades   | 4 |  4.2
Fighting       | |  2.1
Throwing       | |  2.0
Dodging        | |  4.0

Action                   || total
-------------------------++-------
Melee: Rapier            ||    77
 Stab: Sleeping          ||     2
Armor: Leather armour    ||    26
Dodge: Dodged            ||    42

Table legend: (Time is in decaauts)
 A = Elapsed time spent in this place.
 B = Non-inter-level travel time spent in this place.
 C = Inter-level travel time spent in this place.
 D = Time resting spent in this place.
 E = Time spent auto-exploring this place.
 F = Levels seen in this place.
 G = Mean time per level.
                   A        B        C        D        E       F      G
               +--------+--------+--------+--------+--------+-----+--------+
         Total |   1637 |   1557 |     80 |      0 |   1308 |   3 |  545.7 |
       Dungeon |   1637 |   1557 |     80 |      0 |   1308 |   3 |  545.7 |
               +--------+--------+--------+--------+--------+-----+--------+

Top non-repeatable levels by time:
     D:2: 836 daAuts
     D:1: 655 daAuts
     D:3: 145 daAuts
